 Dungeon Crawl Stone Soup version 0.31-a0-331-geda263fcf1 (webtiles) character file.

Game seed: 17405502712042778349

177 mopl the Changeling (level 5, 0/36 HPs)
             Began as an Octopode Shapeshifter on July 19, 2023.
             Slain by an orc
             ... wielding a +0 club
              (5 damage)
             ... on level 3 of the Dungeon.
             The game lasted 00:01:48 (1558 turns).

mopl the Changeling (Octopode Shapeshifter)         Turns: 1558, Time: 00:01:49

Health: 0/36       AC:  1    Str: 14    XL:     5   Next: 57%
Magic:  5/5        EV: 14    Int: 11    God:
Gold:   127        SH:  0    Dex: 14    Spells: 4/4 levels left

rFire   . .          .
                       - Unarmed
rCold   . . .        (no shield)
rNeg    . . .        (helmet currently unavailable)
rPois   .            (no amulet)
rElec   .            o - ring of willpower
rCorr   .            (no ring)
SInv    .            (no ring)
Will    +....        (no ring)
Stlth   ++           (no ring)
HPRegen 0.26/turn    (no ring)
MPRegen 0.09/turn    (no ring)
                     (no ring)

%: no passive effects
@: beast-form
A: beast (slay +2), almost no armour, amphibious, 8 rings, camouflage 1,
gelatinous body 1, (nimble swimmer 1), tentacles
a: Begin Untransformation


You were on level 3 of the Dungeon.
You were a hulking beast.
You visited 1 branch of the dungeon, and saw 3 of its levels.

You collected 127 gold pieces.

Inventory:

Missiles
 n - 4 poisoned darts (quivered)
 p - a throwing net
Jewellery
 o - a ring of willpower (left tentacle)
Talismans
 b - a beast talisman
Wands
 m - a wand of flame (12)
Scrolls
 d - a scroll of brand weapon {unknown}
 e - a scroll of enchant weapon {unknown}
 g - a scroll of revelation {unknown}
 j - 2 scrolls of teleportation {unknown}
 k - a scroll of blinking {unknown}
 l - a scroll of amnesia {unknown}
Potions
 a - a potion of lignification {!q}
 c - a potion of heal wounds {unknown}
 f - 5 potions of curing {unknown}
 h - 3 potions of enlightenment {unknown}
 i - a potion of cancellation {unknown}


   Skills:
 + Level 3.0 Fighting
 + Level 3.0 Dodging
 + Level 3.0 Unarmed Combat
 * Level 4.0 Shapeshifting


You had 4 spell levels left.
You didn't know any spells.
Your spell library was empty.

Dungeon Overview and Level Annotations

Branches:
Dungeon (3/15)

Altars:
Cheibriados


Innate Abilities, Weirdness & Mutations

You are a hulking beast.
Your limbs bulge with bestial killing power. (Slay +2)
You cannot wear most types of armour.
You are amphibious.
You can wear up to eight rings at the same time.
Your skin changes colour to match your surroundings (Stealth+).
Your rubbery body absorbs attacks. (AC +1, EV +1)
((You are camouflaged when in or above water. (Stealth+)))
You have tentacles for arms and can constrict up to eight enemies at once.


Message History

You constrict the gnoll, but do no damage.
You feel sick. The gnoll completely misses you.
You tentacle-slap the gnoll but do no damage.
You tentacle-slap the gnoll.
The gnoll is heavily wounded.
You constrict the gnoll.
You feel sick. The gnoll misses you.
You tentacle-slap the gnoll.
You kill the gnoll!
You feel sick.
The kobold throws a poisoned dart.
The poisoned dart hits you!
You are more poisoned.
You feel very sick. The kobold hits you with a +0 whip.
You tentacle-slap the kobold. Your grab misses the kobold.
The kobold is severely wounded.
You feel sick. The kobold hits you with a +0 whip.
* * * LOW HITPOINT WARNING * * *
You tentacle-slap the kobold.
You kill the kobold!
You feel sick.
You start resting.
You feel sick.
An orc is nearby!
An orc is nearby!
You feel sick.
A worm comes into view.
You feel sick.
You feel sick.
You see here a throwing net.
p - a throwing net You feel sick.
You feel sick.
You are no longer poisoned.
You tentacle-slap the worm. Your grab misses the worm.
The worm is moderately wounded.
You tentacle-slap the worm. You grab the worm.
The worm is heavily wounded.
You constrict the worm. The worm bites you but does no damage.
You tentacle-slap the worm. You squeeze the worm.
You kill the worm!
The orc hits you with a +0 club.
You die...

................#
.#####.#####†#..########
#.................##
#..####.##.......... #.
#.####.####.## #.# #)#
#.# #.# #.# ##.# #h.#
#o## #.###.########
#......).....###.#
#####.####.o....
#####)####...######
#.......##..g....PP
#.###.#.....#.#~~~♣
#.#.##..# .g ♣


You could see an orc.

Vanquished Creatures
  A gnoll bouda (D:3)
  8 gnolls
  2 adders (D:2)
  A worm (D:3)
  A dart slug (D:3)
  An orc (D:3)
  3 bats
  5 endoplasms
  A giant cockroach (D:3)
  4 goblins (D:1)
  3 hobgoblins
  7 jackals (D:1)
  4 kobolds
  5 quokkas
  5 frilled lizards
  4 rats (D:1)
55 creatures vanquished.

Notes
Turn   | Place    | Note
-------+----------+-------------------------------------------
     0 | D:1      | mopl the Octopode Shapeshifter began the quest for the Orb.
     0 | D:1      | Reached XP level 1. HP: 14/14 MP: 1/1
    96 | D:1      | Reached XP level 2. HP: 9/19 MP: 2/2
   726 | D:1      | Reached XP level 3. HP: 24/24 MP: 3/3
  1001 | D:2      | Reached XP level 4. HP: 13/30 MP: 4/4
  1158 | D:2      | Found a snail-covered altar of Cheibriados.
  1525 | D:3      | Reached XP level 5. HP: 36/36 MP: 5/5
  1539 | D:3      | Reached skill level 3 in Dodging
  1539 | D:3      | Reached skill level 4 in Shapeshifting
  1543 | D:3      | Reached skill level 3 in Fighting
  1543 | D:3      | Reached skill level 3 in Unarmed Combat
  1558 | D:3      | Slain by an orc

Illustrated notes

Levels and vault maps discovered:
D:1:      scummos_arrival_forest, layout_loops_corners, nrook_loot_triangle
D:2:      layout_basic, basic_altar
D:3:      layout_loops_ring, serial_bayou_pond_c, uniq_sigmund

Skill      XL: |  1  2  3  4  5 |
---------------+----------------+-----
Dodging        | 3 |  3.0
Shapeshifting  | 4 |  4.0
Fighting       | 3 |  3.0
Unarmed Combat | 3 |  3.0

Action                     |  1- 3 |  4- 6 || total
---------------------------+-------+-------++-------
  Melee: Unarmed           |    56 |    53 ||   109
         Constrict         |    14 |    17 ||    31
         Punch             |     3 |     2 ||     5
         Tentacles         |     9 |    12 ||    21
   Stab: Sleeping          |     5 |     1 ||     6
         Distracted        |       |     1 ||     1
 Armour: Skin              |     4 |     4 ||     8
  Dodge: Dodged            |    29 |    31 ||    60

Table legend: (Time is in decaauts)
 A = Elapsed time spent in this place.
 B = Non-inter-level travel time spent in this place.
 C = Inter-level travel time spent in this place.
 D = Time resting spent in this place.
 E = Time spent auto-exploring this place.
 F = Levels seen in this place.
 G = Mean time per level.
                   A        B        C        D        E       F      G
               +--------+--------+--------+--------+--------+-----+--------+
         Total |   1552 |   1532 |     20 |    180 |   1043 |   3 |  517.3 |
       Dungeon |   1552 |   1532 |     20 |    180 |   1043 |   3 |  517.3 |
               +--------+--------+--------+--------+--------+-----+--------+

Top non-repeatable levels by time:
     D:1: 872 daAuts
     D:2: 558 daAuts
     D:3: 121 daAuts
